AoeStats
← Governor

MegaRandom

510460212Analyzed
2v2 RM · 17h ago on Oct 1, 2026· 82m 33s· 4 players
Game mode
Random Map
Map size
Medium (4 player)
Population
200
Speed
Normal
Resources
Standard
Victory
Conquest
Starting age
Dark Age
Ending age
Imperial Age
RankedLock teamsTeams togetherTeam positionsShared explorationLock speedFull tech treeHidden civsTurbo modeCheats
Victory
Defeat
🇺🇸 Saxons · United States
762
+12
🇺🇸 Varangians · United States
749
+14
🇨🇳 Vikings · China
689
-29
🇨🇳 Burgundians · China
679
-13
Governor
11:31 Feudal Age
12:10 Double-Bit Axe
12:09 Horse Collar
14:03 Gold Mining
22:14 Castle Age
24:33 Forging
24:25 Scale Mail Armor
25:39 Bow Saw
26:17 Gold Shaft Mining
25:33 Stone Mining
29:37 Squires
30:07 Man-at-Arms
31:31 Long Swordsman
31:57 Arson
31:57 Elite Skirmisher
36:25 Imperial Age
37:28 Iron Casting
37:09 Chain Mail Armor
36:44 Fletching
36:39 Two-Handed Swordsman
37:12 Loom
37:47 Town Watch
39:16 Two-Man Saw
37:56 Crossbowman
38:47 Padded Archer Armor
39:49 Blast Furnace
39:57 Treadmill Crane
41:00 Masonry
41:06 Chieftains
42:39 Hoardings
42:45 Plate Mail Armor
42:46 Capped Ram
46:33 Murder Holes
46:48 Siege Engineers
60:49 Siege Ram
64:24 Conscription
修临天下
0:47 Loom
9:14 Double-Bit Axe
10:27 Wheelbarrow
13:36 Feudal Age
12:36 Horse Collar
14:33 Bow Saw
14:25 Heavy Plow
17:49 Gold Mining
17:55 Stone Mining
19:32 Gold Shaft Mining
19:36 Stone Shaft Mining
23:51 Castle Age
23:20 Scale Barding Armor
23:27 Forging
24:59 Husbandry
24:20 Cavalier
25:30 Chain Barding Armor
26:13 Iron Casting
26:04 Hand Cart
34:11 Imperial Age
31:34 Fletching
31:45 Padded Archer Armor
32:08 Ballistics
31:43 Murder Holes
35:20 Bodkin Arrow
35:41 Leather Archer Armor
35:16 Elite Skirmisher
37:04 Chemistry
37:10 Bracer
37:51 Arrowslits
38:55 Plate Barding Armor
40:13 Town Watch
42:41 Plate Barding Armor
43:08 Blast Furnace
44:46 Burgundian Vineyards
50:12 Scale Mail Armor
49:38 Pikeman
50:18 Squires
50:04 Arson
51:02 Halberdier
55:11 Chain Mail Armor
57:04 Plate Mail Armor
Logadice
4:18 Loom
10:49 Feudal Age
11:21 Double-Bit Axe
12:24 Wheelbarrow
19:24 Castle Age
17:23 Fishing Lines
20:25 Hand Cart
20:21 Bow Saw
21:24 Gillnets
21:42 Gold Mining
22:12 Stone Mining
25:31 Gambesons
33:56 Forging
33:47 Scale Mail Armor
35:46 Iron Casting
36:32 Town Watch
36:53 Man-at-Arms
41:32 Imperial Age
39:44 Fletching
39:55 Padded Archer Armor
40:33 Pikeman
41:56 Horse Collar
41:47 Capped Ram
42:01 Halberdier
50:01 Ballistics
50:42 Chemistry
50:13 Light Cavalry
51:03 Bloodlines
50:54 Husbandry
57:47 Scale Barding Armor
57:40 Bodkin Arrow
59:08 Gold Shaft Mining
72:54 Two-Man Saw
77:42 Conscription
SiegeOfTyre
11:59 Feudal Age
12:38 Double-Bit Axe
13:39 Loom
13:58 Loom
18:29 Castle Age
17:12 Wheelbarrow
19:53 Castle Age
18:25 Horse Collar
20:12 Fishing Lines
21:08 Gillnets
23:48 Stone Mining
23:54 Gold Mining
25:07 Bow Saw
26:24 Hand Cart
27:03 Fervor
27:14 Heavy Plow
28:18 Gambesons
28:35 Squires
31:24 Forging
31:20 Scale Barding Armor
31:16 Scale Mail Armor
32:51 Pikeman
34:04 Bloodlines
36:53 Vendel Legacy
42:02 Imperial Age
41:30 Iron Casting
41:16 Chain Barding Armor
41:12 Chain Mail Armor
45:03 Gothikon
45:11 Halberdier
45:15 Elite Varangian Guard
45:24 Light Cavalry
46:09 Husbandry
50:50 Hussar
57:32 Ballistics
57:11 Murder Holes
58:59 Blast Furnace
59:18 Two-Man Saw
59:09 Crop Rotation
61:39 Cavalier
Connection lost

Rejoining the realm…

Still unreachable

The connection could not be restored.

Session expired

The server has moved on; the page needs a fresh start.